Map: Rohana LE

Players

flashandfoul

  • Race: Zerg Zerg
  • League: Master
  • Spawn Location: 9:00

A.I. 1 (Very Easy)

  • Race: Protoss Protoss
  • Spawn Location: 11:00

A.I. 2 (Very Easy)

  • Race: Zerg Zerg
  • Spawn Location: 5:00

A.I. 3 (Very Easy)

  • Race: Zerg Zerg
  • Spawn Location: 3:00

VOD

Have the link to the VOD?

Description

Time

  • Played on: Jan. 3, 2026, 10:12 a.m.
  • Length: 5:31
Show
View Real Time Build Order
Export as new Build Order

flashandfoul Zerg 

Build Orders: 2 Base Roach Timing, Pool First 

Get SALT Encoding   

  6  0:00  Drone  
  13  0:11  Overlord  
  13  0:16  Drone  
  14  0:30  Drone x2  
  14  0:33  Drone  
  17  0:44  Extractor  
  17  0:45  Drone  
  17  0:50  Spawning Pool  
  17  0:55  Drone  
  17  1:07  Drone  
  18  1:18  Hatchery  
  17  1:22  Drone  
  18  1:36  Queen  
  18  1:39  Zergling x2  
  21  1:42  Zergling x2  
  22  1:49  Overlord  
  22  2:07  Drone  
  23  2:12  Queen  
  25  2:18  Drone  
  25  2:21  Drone  
  27  2:30  Drone  
  27  2:32  Drone  
  29  2:40  Drone  
  29  2:42  Drone  
  31  2:44  Drone  
  31  2:45  Drone x2  
  31  2:49  Lair  
  34  2:53  Evolution Chamber  
  34  2:57  Roach Warren  
  32  2:59  Overlord  
  32  3:03  Drone  
  33  3:06  Drone  
  33  3:10  Drone  
  36  3:12  Drone  
  36  3:18  Zerg Missile Weapons Level 1  
  36  3:19  Drone  
  37  3:20  Drone  
  37  3:24  Drone x2  
  37  3:26  Drone  
  41  3:28  Drone  
  41  3:30  Drone  
  41  3:32  Drone  
  44  3:36  Spore Crawler  
  44  3:40  Spore Crawler  
  42  3:42  Extractor  
  42  3:43  Extractor  
  42  3:44  Overlord  
  42  3:47  Drone x2  
  42  3:50  Glial Reconstitution  
  42  3:55  Drone x2  
  44  3:58  Overlord  
  44  4:01  Overlord  
  44  4:04  Drone  
  44  4:09  Drone x2  
  47  4:10  Overlord  
  47  4:13  Roach  
  49  4:19  Roach x2  
  53  4:26  Roach x3  
  53  4:30  Roach  
  61  4:32  Roach  
  61  4:34  Overlord  
  63  4:39  Roach x2  
  63  4:43  Roach  
  63  4:45  Roach  
  71  4:52  Overlord  
  71  4:55  Roach x2  
  71  4:56  Roach  
  71  4:58  Roach  
  79  5:00  Roach  
  79  5:03  Overlord  
  81  5:07  Roach  
  81  5:11  Roach  
Show
View Real Time Build Order
Export as new Build Order

A.I. 1 (Very Easy) Protoss 

Build Orders:  

Get SALT Encoding   

  6  0:00  Probe  
  13  0:13  Probe  
  14  0:19  Pylon  
  14  0:36  Assimilator  
  14  0:43  Gateway  
  14  0:47  Pylon  
  14  1:17  Assimilator  
  14  1:21  Zealot  
  14  1:30  Probe  
  16  1:34  Cybernetics Core  
  16  1:38  Probe  
  17  1:47  Probe  
  18  1:58  Probe  
  18  2:00  Warp Gate  
  19  2:06  Probe  
  19  2:14  Probe  
  21  2:25  Probe  
  22  2:34  Stalker  
Show
View Real Time Build Order
Export as new Build Order

A.I. 2 (Very Easy) Zerg 

Build Orders: Pool Only 

Get SALT Encoding   

  6  0:01  Drone  
  13  0:12  Overlord  
  13  0:16  Drone  
  14  0:35  Spawning Pool  
  13  0:37  Extractor  
  13  0:39  Drone  
  13  0:47  Drone  
  14  0:51  Overlord  
  14  1:21  Zergling x2, Queen  
  17  1:33  Roach Warren  
  17  1:34  Extractor  
  17  1:38  Drone  
  17  1:39  Zergling x2  
  17  1:45  Drone  
  18  1:56  Zergling x2  
  18  1:59  Drone  
  20  2:10  Drone  
  21  2:21  Drone  
  22  2:28  Drone  
  23  2:31  Overlord  
  23  2:35  Drone  
  24  2:43  Drone  
Show
View Real Time Build Order
Export as new Build Order

A.I. 3 (Very Easy) Zerg 

Build Orders: Pool Only 

Get SALT Encoding   

  6  0:01  Drone  
  13  0:12  Overlord  
  13  0:16  Drone  
  14  0:35  Spawning Pool  
  14  0:36  Extractor  
  14  0:39  Drone  
  13  0:46  Drone  
  14  0:52  Overlord  
  14  1:22  Zergling x2  
  14  1:24  Queen  
  17  1:32  Roach Warren  
  16  1:36  Drone  
  17  1:40  Extractor  
  17  1:45  Drone  
  17  1:49  Zergling x2  
  18  2:03  Drone  
  19  2:10  Drone  
  21  2:15  Zergling x2  
  21  2:19  Drone  
  22  2:29  Overlord  
  22  2:34  Drone  
  23  2:41  Drone  
  23  2:42  Roach  
  26  2:48  Drone  
Tags
 
Add a new tag
Caveats
  • Supply blocks, unpowered buildings, or Contaminate may cause inaccurate times.
  • Supply counts are checked every 10 seconds.